IL
BUFFALO BISONS @ PAWTUCKET RED SOX
08/27/2098
 
TOP OF THE 1ST
Buffalo Bisons batting - Pitching for Pawtucket Red Sox : RHP Alan Richardson
Pitching: RHP Alan Richardson
Batting: LHB Jesus Flores 0-0: Ball
1-0: Called Strike
1-1: Ball
2-1: Ball
3-1: Called Strike
3-2: Foul Ball, location: 2F
3-2: Strikes out swinging
Batting: LHB Greg Phillips 0-0: Ball
1-0: Ground out 5-3 (Groundball, 5L, EV 85.0 MPH)
Batting: RHB Joe Everson 0-0: Called Strike
0-1: Called Strike
0-2: Ball
1-2: Ball
2-2: Ball
3-2: Base on Balls
Batting: SHB Matt Gordon 0-0: Ball
1-0: Ball
2-0: Ball
3-0: Called Strike
3-1: Called Strike
3-2: Foul Ball, location: 2F
3-2: Ground out 4-3 (Groundball, 4, EV 78.1 MPH)
Top of the 1st over - 0 runs, 0 hits, 0 errors, 1 left on base; Buffalo 0 - Pawtucket 0
BOTTOM OF THE 1ST
Pawtucket Red Sox batting - Pitching for Buffalo Bisons : LHP Ming-hoa Sha
Pitching: LHP Ming-hoa Sha
Batting: RHB Antonio Torres 0-0: Ball
1-0: Ball
2-0: Called Strike
2-1: SOLO HOME RUN (Flyball, 7D, EV 96.9 MPH), Distance : 365 ft
Batting: RHB Mike Tremblay 0-0: Foul Ball, location: 2F
0-1: Called Strike
0-2: Ball
1-2: Foul Ball, location: 9LDF
1-2: Ball
2-2: Ball
3-2: Ground out 5-3 (Groundball, 56S, EV 90.6 MPH)
Batting: RHB Zane Wilder 0-0: Called Strike
0-1: Called Strike
0-2: Strikes out swinging, 2-3 out at first.
Batting: RHB Ryan Rynard 0-0: Ball
1-0: Ball
2-0: Ball
3-0: Base on Balls
Batting: SHB Chris Pierce 0-0: Called Strike
0-1: Ball
1-1: Ball
2-1: Ball
3-1: Base on Balls
Ryan Rynard to second
Batting: RHB Carlos Chaidez 0-0: DOUBLE (Flyball, 78D, EV 91.3 MPH)
Ryan Rynard scores
Chris Pierce to third
Runner from 3rd tries for Home, SAFE, throw by CF to home
Batting: LHB Bob Stuhr 0-0: Foul Ball, location: 5SF
0-1: Foul Ball, location: 5F
0-2: Ball
1-2: Ground out 5-3 (Groundball, 56, EV 82.5 MPH)
Bottom of the 1st over - 3 runs, 2 hits, 0 errors, 1 left on base; Buffalo 0 - Pawtucket 3
TOP OF THE 2ND
Buffalo Bisons batting - Pitching for Pawtucket Red Sox : RHP Alan Richardson
Batting: LHB Matt Formosa 0-0: Called Strike
0-1: Foul Ball, location: 3F
0-2: Fly out, F9 (Flyball, 89M, EV 92.5 MPH)
Batting: RHB Neil Guerrieri 0-0: Foul Ball, location: 2F
0-1: Ball
1-1: Ball
2-1: Ground out 4-3 (Groundball, 4, EV 90.0 MPH)
Batting: RHB John Carr 0-0: Foul Ball, location: 3SF
0-1: Foul Ball, location: 2F
0-2: Strikes out looking
Top of the 2nd over - 0 runs, 0 hits, 0 errors, 0 left on base; Buffalo 0 - Pawtucket 3
BOTTOM OF THE 2ND
Pawtucket Red Sox batting - Pitching for Buffalo Bisons : LHP Ming-hoa Sha
Batting: LHB Justin Scappaticci 0-0: Called Strike
0-1: Ball
1-1: Foul Ball, location: 5FF
1-2: Foul Ball, location: 7LMF
1-2: Foul Ball, location: 2F
1-2: Ground out 4-3 (Groundball, 4, EV 82.5 MPH)
Batting: LHB Steve Cresci 0-0: Swinging Strike
0-1: Foul Ball, location: 25F
0-2: Ball
1-2: Strikes out looking
Batting: RHB Antonio Torres 0-0: Called Strike
0-1: Ball
1-1: Ball
2-1: Foul Ball, location: 9LMF
2-2: Fly out, F9 (Line Drive, 9S, EV 108.8 MPH)
Bottom of the 2nd over - 0 runs, 0 hits, 0 errors, 0 left on base; Buffalo 0 - Pawtucket 3
TOP OF THE 3RD
Buffalo Bisons batting - Pitching for Pawtucket Red Sox : RHP Alan Richardson
Batting: SHB Damani Fowlkes 0-0: Swinging Strike
0-1: Fly out, F8 (Flyball, 8RM, EV 98.8 MPH)
Batting: RHB William Taveras 0-0: Called Strike
0-1: Ball
1-1: Called Strike
1-2: Strikes out swinging
Batting: LHB Jesus Flores 0-0: Fly out, F6 (Popup, 6M, EV 66.3 MPH)
Top of the 3rd over - 0 runs, 0 hits, 0 errors, 0 left on base; Buffalo 0 - Pawtucket 3
BOTTOM OF THE 3RD
Pawtucket Red Sox batting - Pitching for Buffalo Bisons : LHP Ming-hoa Sha
Batting: RHB Mike Tremblay 0-0: Ball
1-0: Swinging Strike
1-1: Foul Ball, location: 2F
1-2: DOUBLE (Line Drive, 78D, EV 105.0 MPH)
Batting: RHB Zane Wilder 0-0: Ball
1-0: Called Strike
1-1: Foul Ball, location: 5F
1-2: Ball
2-2: Ball
Wild Pitch!
Mike Tremblay to third
3-2: Foul Ball, location: 9LDF
3-2: Base on Balls
Batting: RHB Ryan Rynard 0-0: DOUBLE (Flyball, 89D, EV 106.9 MPH)
Mike Tremblay scores
Zane Wilder to third
Batting: SHB Chris Pierce 0-0: Ball
1-0: Swinging Strike
1-1: Foul Ball, location: 2F
1-2: Foul Ball, location: 9LDF
1-2: Strikes out looking
Batting: RHB Carlos Chaidez 0-0: Ball
1-0: Fly out, F4 (Line Drive, 4, EV 69.4 MPH)
Batting: LHB Bob Stuhr 0-0: Called Strike
0-1: Called Strike
0-2: Strikes out swinging
Bottom of the 3rd over - 1 run, 2 hits, 0 errors, 2 left on base; Buffalo 0 - Pawtucket 4
TOP OF THE 4TH
Buffalo Bisons batting - Pitching for Pawtucket Red Sox : RHP Alan Richardson
Batting: LHB Greg Phillips 0-0: Ground out U3 (Groundball, 3, EV 84.4 MPH)
Batting: RHB Joe Everson 0-0: Ball
1-0: Called Strike
1-1: Ball
2-1: Swinging Strike
2-2: Foul Ball, location: 7LDF
2-2: Foul Ball, location: 2F
2-2: Strikes out looking
Batting: SHB Matt Gordon 0-0: Foul Ball, location: 2F
0-1: SINGLE (Groundball, 3D, EV 98.1 MPH)
Batting: LHB Matt Formosa 0-0: Swinging Strike
0-1: Foul Ball, location: 2F
0-2: Ball
1-2: Strikes out looking
Top of the 4th over - 0 runs, 1 hit, 0 errors, 1 left on base; Buffalo 0 - Pawtucket 4
BOTTOM OF THE 4TH
Pawtucket Red Sox batting - Pitching for Buffalo Bisons : LHP Ming-hoa Sha
Batting: LHB Justin Scappaticci 0-0: Ground out 1-3 (Groundball, 34S, EV 76.3 MPH)
Batting: LHB Steve Cresci 0-0: Called Strike
0-1: Called Strike
0-2: Ball
1-2: Foul Ball, location: 23F
1-2: Ball
2-2: Fly out, F7 (Flyball, 78D, EV 108.8 MPH)
Batting: RHB Antonio Torres 0-0: TRIPLE (Flyball, 89XD, EV 98.8 MPH)
Batting: RHB Mike Tremblay 0-0: Ball
1-0: Foul Ball, location: 2LF
1-1: Ground out 6-3 (Groundball, 6, EV 76.3 MPH)
Bottom of the 4th over - 0 runs, 1 hit, 0 errors, 1 left on base; Buffalo 0 - Pawtucket 4
TOP OF THE 5TH
Buffalo Bisons batting - Pitching for Pawtucket Red Sox : RHP Alan Richardson
Batting: RHB Neil Guerrieri 0-0: Ball
1-0: Called Strike
1-1: Called Strike
1-2: TRIPLE (Flyball, 78XD, EV 93.1 MPH)
Batting: RHB John Carr 0-0: Called Strike
0-1: Ground out 6-3 (Groundball, 6, EV 106.3 MPH)
Batting: SHB Damani Fowlkes 0-0: SINGLE (Groundball, 56, EV 103.1 MPH) (infield hit)
Neil Guerrieri scores
Batting: RHB William Taveras 0-0: Called Strike
0-1: Ball
1-1: Ball
2-1: Called Strike
2-2: Strikes out looking
Batting: LHB Jesus Flores 0-0: Foul Ball, location: 7LDF
0-1: Swinging Strike
0-2: Ball
1-2: Fly out, F7 (Flyball, 7, EV 91.3 MPH)
Top of the 5th over - 1 run, 2 hits, 0 errors, 1 left on base; Buffalo 1 - Pawtucket 4
BOTTOM OF THE 5TH
Pawtucket Red Sox batting - Pitching for Buffalo Bisons : LHP Ming-hoa Sha
Batting: RHB Zane Wilder 0-0: Called Strike
0-1: Fly out, F9 (Flyball, 9, EV 98.1 MPH)
Batting: RHB Ryan Rynard 0-0: Called Strike
0-1: Swinging Strike
0-2: Ball
1-2: Foul Ball, location: 3FF
1-2: Strikes out swinging
Batting: SHB Chris Pierce 0-0: Ball
1-0: Foul Ball, location: 9LDF
1-1: Foul Ball, location: 5F
1-2: Foul Ball, location: 2F
1-2: Foul Ball, location: 2F
1-2: Foul Ball, location: 5F
1-2: Ball
2-2: Foul Ball, location: 3F
2-2: Ball
3-2: Fly out, F7 (Flyball, 78D, EV 101.9 MPH)
Bottom of the 5th over - 0 runs, 0 hits, 0 errors, 0 left on base; Buffalo 1 - Pawtucket 4
TOP OF THE 6TH
Buffalo Bisons batting - Pitching for Pawtucket Red Sox : RHP Alan Richardson
Batting: LHB Greg Phillips 0-0: Called Strike
0-1: Ball
1-1: Foul Ball, location: 2F
1-2: Strikes out swinging
Batting: RHB Joe Everson 0-0: Ball
1-0: Foul Ball, location: 3F
1-1: Foul Ball, location: 9LSF
1-2: Ball
2-2: Ball
3-2: SOLO HOME RUN (Flyball, 7D, EV 96.9 MPH), Distance : 374 ft
Batting: SHB Matt Gordon 0-0: Fly out, F7 (Flyball, 78S, EV 87.5 MPH)
Batting: LHB Matt Formosa 0-0: Ball
1-0: Foul Ball, location: 2F
1-1: Swinging Strike
1-2: Foul Ball, location: 2F
1-2: Strikes out swinging
Top of the 6th over - 1 run, 1 hit, 0 errors, 0 left on base; Buffalo 2 - Pawtucket 4
BOTTOM OF THE 6TH
Pawtucket Red Sox batting - Pitching for Buffalo Bisons : LHP Ming-hoa Sha
Pitching: LHP Jon Gonzalez
Batting: RHB Carlos Chaidez 0-0: Called Strike
0-1: Foul Ball, location: 25FF
0-2: Strikes out swinging
Batting: LHB Bob Stuhr 0-0: Ball
1-0: Fly out, F7 (Line Drive, 78S, EV 91.3 MPH)
Batting: LHB Justin Scappaticci 0-0: Ball
1-0: Called Strike
1-1: Called Strike
1-2: Strikes out swinging
Bottom of the 6th over - 0 runs, 0 hits, 0 errors, 0 left on base; Buffalo 2 - Pawtucket 4
TOP OF THE 7TH
Buffalo Bisons batting - Pitching for Pawtucket Red Sox : RHP Alan Richardson
Batting: RHB Neil Guerrieri 0-0: Called Strike
0-1: Ground out 3-1 (Groundball, 34, EV 86.3 MPH)
Batting: RHB John Carr 0-0: Ball
1-0: Swinging Strike
1-1: Swinging Strike
1-2: Strikes out swinging
Batting: SHB Damani Fowlkes 0-0: Ball
1-0: Ball
2-0: Ball
3-0: Base on Balls
Batting: RHB William Taveras 0-0: Ball
1-0: Ball
2-0: Foul Ball, location: 25F
2-1: Called Strike
2-2: Strikes out looking
Top of the 7th over - 0 runs, 0 hits, 0 errors, 1 left on base; Buffalo 2 - Pawtucket 4
BOTTOM OF THE 7TH
Pawtucket Red Sox batting - Pitching for Buffalo Bisons : LHP Jon Gonzalez
Batting: LHB Steve Cresci 0-0: Ball
1-0: Called Strike
1-1: Foul Ball, location: 2F
1-2: Strikes out swinging
Batting: RHB Antonio Torres 0-0: DOUBLE (Groundball, 3L, EV 103.8 MPH)
Batting: RHB Mike Tremblay 0-0: SINGLE (Line Drive, 4D, EV 95.6 MPH)
Antonio Torres to third
Runner from 3rd tries for Home, SAFE, throw by CF to home
Batting: RHB Zane Wilder 0-0: Fly out, F6 (Line Drive, 6MD, EV 67.5 MPH)
Batting: RHB Ryan Rynard 0-0: Ball
1-0: Called Strike
Mike Tremblay is caught stealing 2nd base 2-4
Bottom of the 7th over - 1 run, 2 hits, 0 errors, 0 left on base; Buffalo 2 - Pawtucket 5
TOP OF THE 8TH
Buffalo Bisons batting - Pitching for Pawtucket Red Sox : RHP Alan Richardson
Batting: LHB Jesus Flores 0-0: Called Strike
0-1: Foul Ball, location: 9LDF
0-2: Fly out, F5 (Popup, 56S, EV 63.8 MPH)
Batting: LHB Greg Phillips 0-0: Ball
1-0: Ground out 3-1 (Groundball, 34, EV 89.4 MPH)
Pitching: LHP Allen Reeves
Batting: RHB Joe Everson 0-0: Ball
1-0: Ball
2-0: SINGLE (Groundball, 34D, EV 93.8 MPH)
Batting: SHB Matt Gordon 0-0: Ball
1-0: Called Strike
1-1: Foul Ball, location: 7LSF
1-2: Strikes out swinging
Top of the 8th over - 0 runs, 1 hit, 0 errors, 1 left on base; Buffalo 2 - Pawtucket 5
BOTTOM OF THE 8TH
Pawtucket Red Sox batting - Pitching for Buffalo Bisons : LHP Jon Gonzalez
Batting: RHB Ryan Rynard 0-0: Foul Ball, location: 9LSF
0-1: Ball
1-1: Ball
2-1: Foul Ball, location: 9LSF
2-2: Ball
3-2: Strikes out swinging
Batting: SHB Chris Pierce 0-0: Ball
1-0: Ball
2-0: Ground out 5-3 (Groundball, 56, EV 103.8 MPH)
Batting: RHB Carlos Chaidez 0-0: Called Strike
0-1: Ball
1-1: Foul Ball, location: 9LMF
1-2: Ball
2-2: Foul Ball, location: 7LMFF
2-2: Ground out 4-3 (Groundball, 4, EV 101.3 MPH)
Bottom of the 8th over - 0 runs, 0 hits, 0 errors, 0 left on base; Buffalo 2 - Pawtucket 5
TOP OF THE 9TH
Buffalo Bisons batting - Pitching for Pawtucket Red Sox : LHP Allen Reeves
Batting: LHB Matt Formosa 0-0: Ball
1-0: Ball
2-0: Ball
3-0: Called Strike
3-1: Base on Balls
Batting: RHB Neil Guerrieri 0-0: Swinging Strike
0-1: Ball
1-1: Ball
2-1: TRIPLE (Flyball, 8LXD, EV 91.9 MPH)
Matt Formosa scores
Batting: RHB John Carr 0-0: Ball
1-0: Foul Ball, location: 9LDF
1-1: Ball
2-1: Called Strike
2-2: Strikes out swinging
Batting: SHB Damani Fowlkes 0-0: Swinging Strike
0-1: Ball
1-1: Foul Ball, location: 2F
1-2: Ground out 4-3 (Groundball, 4, EV 110.0 MPH)
Neil Guerrieri scores
Batting: RHB William Taveras 0-0: Ball
1-0: Called Strike
1-1: Foul Ball, location: 9LMF
1-2: Strikes out looking
Top of the 9th over - 2 runs, 1 hit, 0 errors, 0 left on base; Buffalo 4 - Pawtucket 5
Saturday, April 13th , 2024 - OOTP Baseball 24.11 Build 85